 Dungeon Crawl Stone Soup version 0.31.0-1-g2c135a008e (webtiles) character file.

Game seed: 3095307882112878671

264 qw the Shooter (level 6, 0/46 HPs)
             Began as a Djinni Hunter on Jan 23, 2024.
             Slain by a jackal (2 damage)
             ... on level 4 of the Dungeon.
             The game lasted 00:00:12 (2498 turns).

qw the Shooter (Djinni Hunter)                      Turns: 2498, Time: 00:00:12

Health: 0/46       AC:  5    Str: 10    XL:     6   Next: 43%
Gold:   195        EV: 11    Int: 10    God:
                   SH:  0    Dex: 19

rFire   + + .        a - +0 shortbow
rCold   x . .        (shield currently unavailable)
rNeg    . . .        h - +0 ring mail
rPois   inf          (no helmet)
rElec   .            g - scarf {repulsion}
rCorr   .            (no gloves)
SInv    .            (boots unavailable)
Will    .....        (no amulet)
Stlth   +            (no ring)
HPRegen 0.27/turn    (no ring)
MPRegen 0.00/turn

%: repel missiles, infuse magic (-1 HP)
@: flying
A: sickness immunity, fire resistance 2, cold vulnerability 1, float, innate
caster, HP casting, extra vitality 1
a: no special abilities


You were on level 4 of the Dungeon.
You visited 1 branch of the dungeon, and saw 4 of its levels.

You collected 195 gold pieces.


Innate Abilities, Weirdness & Mutations

You are immune to sickness and miasma.
You are immune to poison.
Your flesh is very heat resistant. (rF++)
You are vulnerable to cold. (rC-)
You float through the air rather than walking.
You learn spells naturally, not from books.
Your magical power is your life essence.
You have superior vitality. (+4 MHP)


   Skills:
 + Level 3.3 Fighting
 - Level 5.0 Ranged Weapons
 - Level 1.5 Armour
 - Level 3.0 Dodging
 - Level 0.7 Stealth


You knew the following spells:

 Your Spells              Type           Power      Damage    Failure   Level
a - Slow                  Hex            0%         N/A       67%         1
b - Scorch                Fire           0%         2d5       82%         2
Your spell library was empty.

Inventory:

Hand Weapons
 a - a +0 shortbow (weapon)
Armour
 g - a scarf of repulsion (worn)
 h - a +0 ring mail (worn)
Wands
 i - a wand of paralysis (9)
 l - a wand of mindburst (19)
 n - a wand of iceblast (4)
Scrolls
 e - a scroll of vulnerability {unknown}
 j - a scroll of enchant armour
Potions
 b - a potion of resistance
 c - a potion of attraction {unknown}
 d - a potion of haste
 f - a potion of enlightenment
 k - a potion of might {unknown}

Dungeon Overview and Level Annotations

Branches:
Dungeon (4/15)
 Temple: D:4-7

Altars:
Dithmenos


Message History

The hound bites you but does no damage. The jackal closely misses you.
The ribbon worm closely misses you. The jackal barely misses you.
The hound bites you.
You shoot an arrow.
The arrow hits the hound but does no damage.
The hound is lightly wounded.
The jackal bites you but does no damage.
The jackal barely misses you.
A giant cockroach comes into view.
The hound bites you but does no damage. The ribbon worm bites you.
The jackal closely misses you. The jackal bites you.
The hound closely misses you.
You shoot an arrow. The arrow barely misses the hound.
The arrow closely misses the adder.
The jackal closely misses you.
The jackal bites you but does no damage.
The hound bites you but does no damage.
The ribbon worm expels a string of sticky webbing.
The stream of webbing hits you but does no damage.
You are caught in a web!
The jackal bites you but does no damage.
The hound closely misses you. The jackal closely misses you.
The ribbon worm bites you but does no damage.
You struggle to detach yourself from the web.
The jackal barely misses you. The hound bites you but does no damage.
The jackal bites you.
The jackal bites you but does no damage.
The web tears apart.
The hound closely misses you. The jackal barely misses you.
The ribbon worm barely misses you. The jackal closely misses you.
The hound bites you. The jackal barely misses you.
You shoot an arrow. The arrow closely misses the hound.
The arrow misses the adder.
The jackal bites you but does no damage.
The hound closely misses you. The jackal barely misses you.
The ribbon worm bites you! The jackal closely misses you. The hound bites you.
You shoot an arrow. The arrow hits the hound.
The hound is lightly wounded.
The jackal bites you.
You die...

####.###'###.#
.....#.....#.#
.....#.....#.#######
.....#^._..#.......#
.....#.....#.......#
.....#.....#.......##
.....#######....>...#..
<...............w......
.##.#####......@hS.....
#. ##.....hh.>.#.. #
#.?...B...##
######.....# #.......
..##..... ### #.##. ..


You could see a ribbon worm, a hound, an adder, 2 jackals and a giant cockroach.

Vanquished Creatures
  A bombardier beetle (D:3)
  A hound (D:4)
  An orc priest (D:3)
  Ijyb (D:3)
  A gnoll (D:1)
  4 adders
  3 ribbon worms
  4 dart slugs
  3 orcs (D:3)
  9 ball pythons
  9 endoplasms
  4 hobgoblins
  4 jackals
  7 kobolds
  5 quokkas
  4 bats
  2 frilled lizards
  9 goblins
  4 rats
76 creatures vanquished.

Notes
Turn   | Place    | Note
-------+----------+-------------------------------------------
     0 | D:1      | qw the Djinni Hunter began the quest for the Orb.
     0 | D:1      | Reached XP level 1. HP: 18/18 MP: 0/0
     0 | D:1      | 0 ||| qw: Version: 0.3-a-132-g3d54051
     0 | D:1      | 0 ||| qw: Game counter: 601
     0 | D:1      | 0 ||| qw: Melee chars always use a shield: true
     0 | D:1      | 0 ||| qw: God list: Okawaru
     0 | D:1      | 0 ||| qw: Allow faded altars: false
     0 | D:1      | 0 ||| qw: Do Orc after clearing Dungeon:15 true
     0 | D:1      | 0 ||| qw: Do second Lair branch before Depths: true
     0 | D:1      | 0 ||| qw: Lair rune preference: random
     0 | D:1      | 0 ||| qw: Goals: Normal
     0 | D:1      | 0 ||| PLANNING D:1-11
    24 | D:1      | Reached XP level 2. HP: 16/23 MP: 0/0
   199 | D:1      | Reached XP level 3. HP: 25/28 MP: 0/0
   199 | D:1      | Learned a level 1 spell: Slow
   227 | D:1      | Reached skill level 4 in Ranged Weapons
   234 | D:1      | 234 ||| READING scroll labelled FAWAMYWATI.
   234 | D:1      | 234 ||| ENCHANTING +0 shortbow.
   235 | D:1      | 235 ||| DROPPING scroll of butterflies.
   981 | D:1      | 981 ||| READING scroll labelled LOMINLAMPU.
   981 | D:1      | 981 ||| IDENTIFYING smoky sapphire potion
  1080 | D:2      | Reached XP level 4. HP: 27/34 MP: 0/0
  1080 | D:2      | 1080 ||| FLEEEEING.
  1093 | D:2      | 1093 ||| FLEEEEING.
  1123 | D:2      | Reached skill level 3 in Fighting
  1661 | D:2      | 1661 ||| UPGRADING to scarf of repulsion.
  1666 | D:2      | 1666 ||| READING scroll labelled FITWATYOGY.
  1667 | D:2      | 1667 ||| DRINKING 2 lumpy inky potions.
  1689 | D:3      | 1689 ||| STAIRDANCE
  1701 | D:3      | 1701 ||| STAIRDANCE
  1705 | D:2      | Reached skill level 3 in Dodging
  1730 | D:3      | 1730 ||| FLEEEEING.
  1731 | D:3      | 1731 ||| STAIRDANCE
  1814 | D:3      | Reached XP level 5. HP: 40/40 MP: 0/0
  1814 | D:3      | Learned a level 2 spell: Scorch
  1902 | D:3      | Found a faded altar of an unknown god.
  2091 | D:3      | 2091 ||| FLEEEEING.
  2168 | D:3      | Noticed Ijyb
  2179 | D:3      | Killed Ijyb
  2180 | D:3      | Reached skill level 5 in Ranged Weapons
  2180 | D:3      | Reached XP level 6. HP: 41/46 MP: 0/0
  2289 | D:3      | 2289 ||| UPGRADING to +0 ring mail.
  2299 | D:3      | 2299 ||| DROPPING +0 leather armour.
  2300 | D:3      | 2300 ||| READING scroll of identify.
  2300 | D:3      | 2300 ||| IDENTIFYING smoky blue potion
  2301 | D:3      | 2301 ||| READING 2 scrolls labelled TURUIH RAR.
  2302 | D:3      | 2302 ||| DROPPING scroll of amnesia.
  2331 | D:4      | 2331 ||| FLEEEEING.
  2333 | D:4      | 2333 ||| STAIRDANCE
  2386 | D:4      | Reached skill level 1 in Armour
  2390 | D:4      | 2390 ||| FLEEEEING.
  2396 | D:4      | 2396 ||| STAIRDANCE
  2447 | D:4      | Found a shadowy altar of Dithmenos.
  2497 | D:4      | HP: 6/46 [ribbon worm (7)]
  2497 | D:4      | HP: 2/46 [hound (4)]
  2498 | D:4      | Slain by a jackal

Levels and vault maps discovered:
D:1:      evilmike_arrival_home_sweet_home, layout_basic, serial_bayou_pond_a,
          nicolae_hexahallways, minmay_heptomino_l4
D:2:      layout_loops_ring, minmay_misc_feat_enclosed
D:3:      layout_rooms, lemuel_tele_altar, chequers_ecumenical_altar_island,
          minmay_misc_feat_room, uniq_ijyb
D:4:      layout_rooms, amcnicky_altar_gilded, mainiacjoe_overflow_catwalk,
          gammafunk_ghost_smash

Skill      XL: |  1  2  3  4  5  6 |
---------------+-------------------+-----
Ranged Weapons | 4 5 |  5.0
Fighting       | 3 |  3.3
Dodging        | 3 |  3.0
Armour         | 1 |  1.5
Stealth        | |  0.7

Action                     |  1- 3 |  4- 6 || total
---------------------------+-------+-------++-------
   Fire: Shortbow          |    98 |   176 ||   274
    Use: Scroll            |     2 |     3 ||     5
         Potion            |       |     1 ||     1
 Armour: Leather armour    |    21 |    18 ||    39
         Ring mail         |       |    62 ||    62
  Dodge: Dodged            |    31 |   113 ||   144
         Repelled          |       |     4 ||     4

Table legend:
 A = Non-vault XP
 B = Vault XP
 C = Vault XP percentage of total XP
 D = Non-vault monster count
 E = Vault monster count
 F = Vault count percentage of total count
                 A         B        C        D         E       F
            +---------+---------+-------+---------+---------+-------
      Total |     338 |      40 |  10.6 |      71 |       5 |   6.6
            +---------+---------+-------+---------+---------+-------
        D:1 |      54 |       4 |   6.9 |      21 |       4 |  16.0
        D:2 |      63 |       0 |   0.0 |      20 |       0 |   0.0
        D:3 |     147 |      36 |  19.7 |      24 |       1 |   4.0
        D:4 |      74 |       0 |   0.0 |       6 |       0 |   0.0
            +---------+---------+-------+---------+---------+-------
